 Dungeon Crawl Stone Soup version 0.29-a0-506-ga2e7fffb44 (webtiles) character file.

Game seed: 13347690902459014398

25199 croobank the Covert (level 13, -5/104 HPs)
             Began as a Gnoll Delver on May 28, 2022.
             Was an Initiate of Gozag.
             Slain by a cane toad (18 damage)
             ... on level 4 of the Lair of Beasts.
             The game lasted 01:16:16 (18543 turns).

croobank the Covert (Gnoll Delver)                 Turns: 18543, Time: 01:16:22

Health: -5/104     AC: 19    Str: 19    XL:     13   Next: 18%
Magic:  23/25      EV: 13    Int: 14    God:    Gozag
Gold:   1748       SH: 15    Dex: 13    Spells: 4/28 levels left

rFire   x . .      SeeInvis .   a - +4 broad axe (chaos)
rCold   + . .      Faith    .   q - +0 kite shield
rNeg    . . .      Spirit   .   L - +5 ring mail {Will+}
rPois   .          Reflect  +   j - +2 hat
rElec   .          Harm     .   A - +2 cloak {Stlth+}
rCorr   .          Rampage  .   d - +1 pair of gloves
Will    +....                   (no boots)
Stlth   +++++.....              n - amulet of reflection
HPRegen 0.27/turn               H - +6 ring of strength
MPRegen 0.19/turn               Y - ring of ice

@: gold aura
A: fangs 1, strong nose, distributed training
a: Renounce Religion, Potion Petition, Call Merchant, Bribe Branch


You were on level 4 of the Lair of Beasts.
You worshipped Gozag.
Gozag was most pleased with you.
You visited 4 branches of the dungeon, and saw 17 of its levels.
You also visited: Ossuary.

You collected 3232 gold pieces.
You spent 65 gold pieces at shops.
You paid 1419 gold pieces to Gozag.

Inventory:

Hand Weapons
 a - a +4 broad axe of chaos (weapon)
 h - a +3 flail of protection
 l - a +6 dagger of electrocution
 r - a +1 falchion of holy wrath
 u - a +2 antimagic flail
 y - a +1 trident of protection
 C - a +3 quarterstaff of chaos
 G - a +2 vorpal falchion
 I - a +0 hand crossbow
 P - a +2 spectral quarterstaff
 V - a +0 long sword of chaos
Missiles
 J - 2 atropa-tipped darts
 U - a curare-tipped dart (quivered)
Armour
 d - a +1 pair of gloves (worn)
 j - a +2 hat (worn)
 q - a +0 kite shield (worn)
 A - a +2 cloak of stealth (worn)
 L - a +5 ring mail of willpower (worn)
Jewellery
 i - a ring of fire
 n - an amulet of reflection (around neck)
 F - a ring of see invisible
 H - a +6 ring of strength (left hand)
 N - a +6 ring of intelligence
 Y - a ring of ice (right hand)
Wands
 b - a wand of mindburst (8)
 g - a wand of digging (4)
 k - a wand of paralysis (6)
 K - a wand of iceblast (41)
 O - a wand of charming (5)
 Q - a wand of flame (50)
 X - a wand of polymorph (10)
Scrolls
 c - 5 scrolls of fog
 e - 5 scrolls of fear
 m - 2 scrolls of magic mapping
 v - 5 scrolls of teleportation
 E - 4 scrolls of identify
 Z - 3 scrolls of poison
Potions
 f - 2 potions of haste
 p - 5 potions of curing
 s - 9 potions of lignification
 t - a potion of ambrosia
 w - a potion of berserk rage
 x - 2 potions of magic
 z - 3 potions of flight
 B - 5 potions of brilliance
 D - 4 potions of attraction
 R - 3 potions of invisibility
 S - 2 potions of mutation
 T - a potion of might
 W - 2 potions of heal wounds
Miscellaneous
 M - a box of beasts


   Skills:
 + Level 10.4 Fighting
 + Level 8.0 Short Blades
 + Level 8.0 Long Blades
 + Level 9.3 Axes
 + Level 8.0 Maces & Flails
 + Level 8.0 Polearms
 + Level 8.0 Staves
 + Level 8.0 Slings
 + Level 8.0 Bows
 + Level 8.0 Crossbows
 + Level 8.0 Throwing
 + Level 8.0 Armour
 + Level 9.3 Dodging
 + Level 12.4 Stealth
 + Level 8.0 Shields
 + Level 8.0 Unarmed Combat
 + Level 8.0 Spellcasting
 + Level 6.7 Conjurations
 + Level 6.7 Hexes
 + Level 6.7 Summonings
 + Level 6.7 Necromancy
 + Level 6.7 Translocations
 + Level 6.7 Transmutations
 + Level 6.7 Fire Magic
 + Level 6.7 Ice Magic
 + Level 6.7 Air Magic
 + Level 6.7 Earth Magic
 + Level 6.7 Poison Magic
 + Level 8.8 Invocations
 + Level 8.0 Evocations


You had 4 spell levels left.
You knew the following spells:

 Your Spells              Type           Power      Damage    Failure   Level
a - Agony                 Necr           24%        N/A       65%         5
b - Manifold Assault      Tloc           24%        N/A       65%         5
c - Silence               Hex/Air        12%        N/A       65%         5
d - Poisonous Vapours     Pois/Air       48%        N/A       4%          2
e - Call Canine Familiar  Summ           24%        N/A       10%         3
f - Olgreb's Toxic Radia  Pois           24%        N/A       32%         4

Your spell library contained the following spells:

 Spells                   Type           Power      Damage    Failure   Level
 Magic Dart               Conj           96%        1d7       3%          1
 Sting                    Tmut/Pois      96%        1d7       3%          1
 Summon Small Mammal      Summ           96%        N/A       3%          1
 Blink                    Tloc           48%        N/A       4%          2
 Searing Ray              Conj           48%        2d6       4%          2
 Static Discharge         Conj/Air       24%        N/A       4%          2
 Confusing Touch          Hex            24%        N/A       10%         3
 Dazzling Flash           Conj/Hex       48%        N/A       10%         3
 Gell's Gravitas          Tloc           24%        N/A       10%         3
 Lesser Beckoning         Tloc           24%        N/A       10%         3
 Portal Projectile        Hex/Tloc       48%        N/A       10%         3
 Summon Guardian Golem    Hex/Summ       24%        N/A       10%         3
 Teleport Other           Tloc           24%        N/A       10%         3
 Fulminant Prism          Conj/Hex       12%        3d9       32%         4
 Leda's Liquefaction      Hex/Erth       12%        N/A       32%         4
 Fireball                 Conj/Fire      12%        3d7       65%         5
 Lightning Bolt           Conj/Air       12%        1d25      65%         5
 Yara's Violent Unravell  Hex/Tmut       12%        3d7       65%         5
 Dispersal                Tloc           12%        N/A       99%         6
 Starburst                Conj/Fire      12%        6d5       99%         6
 Enfeeble                 Hex            12%        N/A       100%        7
 Disjunction              Tloc           12%        N/A       100%        8
 Ignition                 Fire           12%        3d6       100%        8
 Maxwell's Capacitive Co  Air            12%        ∞         100%        8


Dungeon Overview and Level Annotations

Branches:
Dungeon (10/15)            Temple (1/1) D:7            Lair (5/6) D:10
 Shoals (0/4) Lair:2       Spider (0/4) Lair:3          Orc (1/2) D:9
Ossuary (visited)
  Slime: Lair:5-6

Altars:
Ashenzari
Cheibriados
Dithmenos
Elyvilon
Fedhas
Gozag
Hepliaklqana
Kikubaaqudgha
Makhleb
Nemelex Xobeh
Okawaru
Qazlal
Ru
Sif Muna
Trog
Uskayaw
Vehumet
Wu Jian
Xom
Yredelemnul
Zin
The Shining One

Shops:
D:4 [   D:8 *   D:10 *

Annotations:
D:8 1 runed translucent door
D:10 Joseph


Innate Abilities, Weirdness & Mutations

You have very sharp teeth.
Your uncanny sense of smell can sniff out nearby items.
Your experience applies equally to all skills.


Message History

The cane toad is moderately wounded.
The helpless cane toad fails to defend itself.
You hit the cane toad. You block the cane toad's attack.
Your hound bites the cane toad.
You block the cane toad's attack.
Your hound bites the cane toad but does no damage.
You slash the cane toad! You burn the cane toad.
You bite the cane toad, but do no damage.
The cane toad is heavily wounded.
The helpless cane toad fails to defend itself.
You slice the cane toad!!
You feel better. You block the cane toad's attack.
Your hound bites the cane toad.
The cane toad stings you!
* * * LOW HITPOINT WARNING * * *
Your hound bites the cane toad.
You block the cane toad's attack.
You slash the cane toad! You drain the cane toad.
The cane toad is severely wounded.
The helpless cane toad fails to defend itself.
You slash the cane toad!
Your hound bites the cane toad.
The cane toad dies!
You block the cane toad's attack. The cane toad stings you!
* * * LOW HITPOINT WARNING * * *
Casting: Call Canine Familiar (dangerous; 10% risk of failure)
Confirm with . or Enter, or press ? or * to list all spells.
Aiming: Poisonous Vapours (safe; 4% risk of failure)
Press: ? - help, Dir - move target, f - cane toad
Aim: a cane toad (severely wounded, berserk, unusually agile, lightly drained, ally target)
The cane toad cannot be affected by poisonous vapours!
Aiming: Iceblast
Press: ? - help, Shift-Dir - straight line, f/p - cane toad
Aim: a cane toad (severely wounded, berserk, unusually agile, lightly drained, ally target) Really fire at your hound?
That beam is likely to hit you.
Continue anyway?
Okay, then.
Aiming: Corrosive Bolt
Press: ? - help, Shift-Dir - straight line, f/p - cane toad
Aim: a cane toad (severely wounded, berserk, unusually agile, lightly drained, ally target, 60% to hit)
The bolt of acid hits the cane toad!
The acid corrodes the cane toad!
The cane toad is almost dead.
The now-empty wand crumbles to dust.
The cane toad stings you!!
You die...
Your body crumbles into a pile of gold.

.###.#.###....##.....##..##
.##............#.....##..#
.#...................##..#
.##.###.##....##.....##..#
.#P..#..#P....#.#...###..##
...P.....P.......#...##...#
...................[......##
...............Fh$.......#.#
................@$........##
................$$.......##
.........................#
..###....P.P.............#
..########P.......#..##..#
..#...###P......##.#####.##
..##............+......#..#
....#..P##......##....#..P#
...##..###................#


You could see a cane toad (berserk, agile, corroded, drained, ally target) and a
friendly hound (summoned).

Vanquished Creatures
  Erolcha (D:10)
  A hydra (Lair:1)
  2 two-headed ogres (D:10)
  Maurice (D:8)
  A cyclops (D:10)
  2 black mambas
  4 cane toads
  A kobold demonologist (D:9)
  2 rime drakes
  Maggie (D:9)
  5 komodo dragons
  3 trolls
  2 polar bears
  2 merfolk (Lair:2)
  Grinder (D:6)
  11 blink frogs
  A dream sheep (Lair:4)
  A shadow (D:10)
  22 yaks
  5 wyverns
  A basilisk (Lair:2)
  A hog (Lair:4)
  A warg (D:9)
  Edmund (D:5)
  16 water moccasins
  7 orc warriors
  2 sky beasts (D:6)
  A black bear (Lair:1)
  6 wolves
  5 ogres
  3 centaurs
  2 phantoms
  6 kobold brigands
  5 gnoll sergeants
  A necrophage (D:6)
  12 bullfrogs
  8 scorpions
  10 killer bees
  6 howler monkeys
  2 lava snakes (D:10)
  3 orc priests
  4 hounds
  A jelly (D:6)
  Crazy Yiuf (D:4)
  4 iguanas
  A hell rat (Lair:4)
  Ijyb (D:4)
  2 orc wizards
  8 mummies (Ossuary)
  Robin (D:2)
  18 gnolls
  11 adders
  A shadow imp (D:6)
  A white imp (D:7)
  2 ufetubi
  2 worms (Lair:3)
  A dart slug (D:5)
  25 orcs
  5 ball pythons
  3 bats
  An endoplasm (D:4)
  6 giant cockroaches
  2 gnoll zombies (Ossuary)
  15 goblins
  12 hobgoblins
  15 kobolds
  2 quokkas
  2 frilled lizards (D:2)
  3 hobgoblin zombies (Ossuary)
  3 kobold zombies (Ossuary)
  A bush (D:7)
322 creatures vanquished.

Vanquished Creatures (collateral kills)
  A merfolk siren (Lair:2)
  2 cane toads
  2 rime drakes
  A merfolk (Lair:2)
  A yak (Lair:4)
  A water moccasin (Lair:2)
  A scorpion (Lair:3)
  A worm (Lair:3)
10 creatures vanquished.

Vanquished Creatures (others)
  A wizard (D:9)
  15 fungi
  57 plants
73 creatures vanquished.

Grand Total: 405 creatures vanquished

Notes
Turn   | Place    | Note
-------+----------+-------------------------------------------
     0 | D:5      | Reached skill level 9 in Stealth
     0 | D:5      | croobank the Gnoll Delver began the quest for the Orb.
     0 | D:5      | Reached XP level 1. HP: 23/23 MP: 1/1
    20 | D:5      | Noticed a scorpion
    26 | D:5      | Noticed an iguana
    56 | D:4      | Found Izxiastra's Antique Armour Boutique.
    81 | D:4      | Noticed an ogre
   157 | D:4      | Reached XP level 2. HP: 29/29 MP: 2/2
   443 | D:2      | Noticed Robin
   454 | D:2      | Killed Robin
   455 | D:2      | Reached XP level 3. HP: 28/35 MP: 2/4
   575 | D:1      | Reached skill level 1 in Invocations
   939 | D:1      | Reached skill level 1 in Short Blades
   939 | D:1      | Reached skill level 1 in Long Blades
   939 | D:1      | Reached skill level 1 in Maces & Flails
   939 | D:1      | Reached skill level 1 in Polearms
   939 | D:1      | Reached skill level 1 in Staves
   939 | D:1      | Reached skill level 1 in Slings
   939 | D:1      | Reached skill level 1 in Bows
   939 | D:1      | Reached skill level 1 in Crossbows
   939 | D:1      | Reached skill level 1 in Throwing
   939 | D:1      | Reached skill level 1 in Armour
   939 | D:1      | Reached skill level 1 in Shields
   939 | D:1      | Reached skill level 1 in Unarmed Combat
   939 | D:1      | Reached skill level 1 in Spellcasting
   939 | D:1      | Reached skill level 1 in Evocations
   939 | D:1      | Reached XP level 4. HP: 41/41 MP: 5/5
  1950 | D:2      | Reached skill level 1 in Conjurations
  1950 | D:2      | Reached skill level 1 in Hexes
  1950 | D:2      | Reached skill level 1 in Summonings
  1950 | D:2      | Reached skill level 1 in Necromancy
  1950 | D:2      | Reached skill level 1 in Translocations
  1950 | D:2      | Reached skill level 1 in Transmutations
  1950 | D:2      | Reached skill level 1 in Fire Magic
  1950 | D:2      | Reached skill level 1 in Ice Magic
  1950 | D:2      | Reached skill level 1 in Air Magic
  1950 | D:2      | Reached skill level 1 in Earth Magic
  1950 | D:2      | Reached skill level 1 in Poison Magic
  2350 | D:3      | Reached XP level 5. HP: 47/47 MP: 6/6
  2588 | D:3      | Found a stormy altar of Qazlal.
  2960 | D:4      | Killed an ogre
  2961 | D:4      | Reached XP level 6. HP: 53/53 MP: 8/8
  3013 | D:4      | Noticed a wyvern
  3022 | D:4      | Killed a wyvern
  3023 | D:4      | Reached skill level 5 in Axes
  3023 | D:4      | Reached skill level 5 in Dodging
  3141 | D:4      | Reached XP level 7. HP: 59/59 MP: 10/10
  3480 | D:4      | Noticed Ijyb
  3484 | D:4      | Killed Ijyb
  3743 | D:4      | Found a runed translucent door.
  3744 | D:4      | Noticed Crazy Yiuf
  4000 | D:4      | Killed Crazy Yiuf
  4123 | D:5      | Reached skill level 10 in Stealth
  4425 | D:5      | Reached XP level 8. HP: 59/67 MP: 12/12
  4805 | D:5      | Noticed Edmund
  4812 | D:5      | Killed Edmund
  5083 | D:6      | Found a white marble altar of Elyvilon.
  5121 | D:6      | Found a hazy altar of Hepliaklqana.
  5288 | D:6      | Found a sand-covered staircase.
  5294 | Ossuary  | Entered an ossuary
  5800 | D:6      | Noticed Grinder
  5805 | D:6      | Killed Grinder
  5806 | D:6      | Reached XP level 9. HP: 73/73 MP: 14/14
  5814 | D:6      | Learned a level 5 spell: Agony
  5820 | D:6      | Learned a level 5 spell: Manifold Assault
  5826 | D:6      | Learned a level 5 spell: Silence
  5981 | D:6      | Found a shimmering altar of Xom.
  6067 | D:7      | Found a staircase to the Ecumenical Temple.
  6107 | Temple   | Entered the Ecumenical Temple
  7075 | D:7      | Found an opulent altar of Gozag.
  7081 | D:7      | Became a worshipper of Gozag Ym Sagoz the Greedy
  7451 | D:8      | Reached skill level 5 in Invocations
  7691 | D:8      | Found a runed translucent door.
  7734 | D:8      | Found a glowing silver altar of Zin.
  8010 | D:8      | Found a sacrificial altar of Ru.
  8015 | D:8      | Noticed Maurice
  8021 | D:8      | Killed Maurice
  8022 | D:8      | Reached XP level 10. HP: 72/80 MP: 17/17
  8196 | D:8      | Found Vat Anav's General Store.
  8203 | D:8      | Bought a potion of heal wounds for 65 gold pieces
  8550 | D:9      | Found a staircase to the Orcish Mines.
  8566 | D:9      | Reached skill level 5 in Short Blades
  8566 | D:9      | Reached skill level 5 in Long Blades
  8566 | D:9      | Reached skill level 5 in Maces & Flails
  8566 | D:9      | Reached skill level 5 in Polearms
  8566 | D:9      | Reached skill level 5 in Staves
  8566 | D:9      | Reached skill level 5 in Slings
  8566 | D:9      | Reached skill level 5 in Bows
  8566 | D:9      | Reached skill level 5 in Crossbows
  8566 | D:9      | Reached skill level 5 in Throwing
  8566 | D:9      | Reached skill level 5 in Armour
  8566 | D:9      | Reached skill level 5 in Shields
  8566 | D:9      | Reached skill level 5 in Unarmed Combat
  8566 | D:9      | Reached skill level 5 in Spellcasting
  8566 | D:9      | Reached skill level 5 in Evocations
  9206 | D:9      | Noticed a kobold demonologist
  9211 | D:9      | Killed a kobold demonologist
  9627 | D:9      | Reached skill level 11 in Stealth
 10055 | D:9      | Noticed Maggie
 10066 | D:9      | Killed Maggie
 10139 | D:9      | Found a bloodstained altar of Trog.
 10140 | D:9      | Noticed a wizard
 10146 | D:9      | Killed a wizard
 10559 | Orc:1    | Entered Level 1 of the Orcish Mines
 10708 | Orc:1    | Noticed an orc knight
 11034 | D:9      | Reached XP level 11. HP: 87/87 MP: 19/19
 11457 | D:10     | Entered Level 10 of the Dungeon
 11544 | D:10     | Reached skill level 5 in Conjurations
 11544 | D:10     | Reached skill level 5 in Hexes
 11544 | D:10     | Reached skill level 5 in Summonings
 11544 | D:10     | Reached skill level 5 in Necromancy
 11544 | D:10     | Reached skill level 5 in Translocations
 11544 | D:10     | Reached skill level 5 in Transmutations
 11544 | D:10     | Reached skill level 5 in Fire Magic
 11544 | D:10     | Reached skill level 5 in Ice Magic
 11544 | D:10     | Reached skill level 5 in Air Magic
 11544 | D:10     | Reached skill level 5 in Earth Magic
 11544 | D:10     | Reached skill level 5 in Poison Magic
 11673 | D:10     | Noticed a two-headed ogre
 11687 | D:10     | Killed a two-headed ogre
 11779 | D:10     | Noticed a two-headed ogre
 11793 | D:10     | Killed a two-headed ogre
 12153 | D:10     | Found a hide-covered altar of Uskayaw.
 12416 | D:10     | Noticed Erolcha
 12429 | D:10     | Killed Erolcha
 12561 | D:10     | Noticed a cyclops
 12566 | D:10     | Killed a cyclops
 12592 | D:10     | Noticed a two-headed ogre
 12600 | D:10     | Noticed Joseph
 12895 | D:10     | Found a staircase to the Lair.
 12906 | D:10     | Learned a level 2 spell: Poisonous Vapours
 12910 | D:10     | Learned a level 3 spell: Call Canine Familiar
 12911 | Lair:1   | Entered Level 1 of the Lair of Beasts
 13508 | Lair:1   | Noticed a seven-headed hydra
 13526 | Lair:1   | Killed a seven-headed hydra
 13527 | Lair:1   | Reached XP level 12. HP: 63/96 MP: 22/22
 14157 | Lair:2   | Found a staircase to the Shoals.
 15297 | Lair:2   | Reached skill level 12 in Stealth
 15678 | Lair:2   | Reached skill level 10 in Fighting
 16137 | Lair:2   | Learned a level 4 spell: Olgreb's Toxic Radiance
 16292 | Lair:3   | Found a hole to the Spider Nest.
 18123 | Lair:5   | Reached XP level 13. HP: 102/103 MP: 24/24
 18543 | Lair:4   | Slain by a cane toad

Illustrated notes

Levels and vault maps discovered:
D:1:      eino_arrival_cavern_a, layout_loops_ring
D:2:      layout_basic, uniq_robin
D:3:      layout_rooms, grunt_qazlal_sundering, serial_bayou_ford_a,
          minmay_pentomino_pile
D:4:      minmay_chambers_of_fours, layout_loops_corners, serial_shops, shop,
          uniq_ijyb, uniq_crazy_yiuf_cottage
D:5:      layout_loops_cross, nicolae_concentric_dashed_squares_mild,
          kennysheep_generic_room_14, uniq_edmund
D:6:      layout_gridville, nicolae_overflow_hidden_temple,
          mainiacjoe_overflow_paths, kennysheep_little_box, enter_ossuary_5,
          uniq_grinder
D:7:      layout_cave_pods, old_standard_altar, minmay_temple_entry_offerings,
          serial_park, serial_park_square2, serial_park_square1
          [serial_park_minivault_5x5_2], serial_park_square2,
          serial_park_square3 [serial_park_minivault_5x5_8]
D:8:      gammafunk_indiana_jones, layout_rooms, hangedman_ru_absence,
          lemuel_tele_altar, serial_shops, nicolae_shop_hallway_plus,
          skrybe_limestone_x, minmay_fractal_squares_gapless_5, uniq_maurice
D:9:      layout_small_grid, trog_wizard,
          kennysheep_orc_monster_closet_entryway, uniq_maggie
D:10:     minmay_stone_box, layout_loops_corners, amcnicky_altar_gilded,
          david_lair_shrubbed, kennysheep_cluttered_room, uniq_gastronok,
          uniq_erolcha, uniq_joseph
Temple:   dshaligram_water_room_temple
Lair:1:   layout_chaotic_city
Lair:2:   layout_layer_cave, elwin_shoals_entry_stream, serial_bayou_pond_d,
          chequers_serial_rivers_large_b, chequers_serial_rivers_room_b
Lair:3:   layout_misc_corridors, nicolae_spider_entry_non_spiders,
          cheibrodos_lair_reptile_den, lemuel_fruit_fields,
          infiniplex_staircase_pool_2
Lair:4:   layout_regular_city
Lair:5:   layout_regular_city, dpeg_slime_entry_enclosed_altar, uniq_snorg,
          uniq_kirke
Orc:1:    layout_caves, basic_altar, serial_shops, nicolae_shop_stone

Skill      XL: |  1  2  3  4  5  6  7  8  9 10 11 12 13 |
---------------+----------------------------------------+-----
Stealth        | 10 11 12 | 12.4
Invocations    | 1 2 3 4 5 6 7 8 |  8.8
Short Blades   | 1 2 3 4 5 6 7 8 |  8.0
Long Blades    | 1 2 3 4 5 6 7 8 |  8.0
Maces & Flails | 1 2 3 4 5 6 7 8 |  8.0
Polearms       | 1 2 3 4 5 6 7 8 |  8.0
Staves         | 1 2 3 4 5 6 7 8 |  8.0
Slings         | 1 2 3 4 5 6 7 8 |  8.0
Bows           | 1 2 3 4 5 6 7 8 |  8.0
Crossbows      | 1 2 3 4 5 6 7 8 |  8.0
Throwing       | 1 2 3 4 5 6 7 8 |  8.0
Armour         | 1 2 3 4 5 6 7 8 |  8.0
Shields        | 1 2 3 4 5 6 7 8 |  8.0
Unarmed Combat | 1 2 3 4 5 6 7 8 |  8.0
Spellcasting   | 1 2 3 4 5 6 7 8 |  8.0
Evocations     | 1 2 3 4 5 6 7 8 |  8.0
Conjurations   | 1 2 3 4 5 6 |  6.7
Hexes          | 1 2 3 4 5 6 |  6.7
Summonings     | 1 2 3 4 5 6 |  6.7
Necromancy     | 1 2 3 4 5 6 |  6.7
Translocations | 1 2 3 4 5 6 |  6.7
Transmutations | 1 2 3 4 5 6 |  6.7
Fire Magic     | 1 2 3 4 5 6 |  6.7
Ice Magic      | 1 2 3 4 5 6 |  6.7
Air Magic      | 1 2 3 4 5 6 |  6.7
Earth Magic    | 1 2 3 4 5 6 |  6.7
Poison Magic   | 1 2 3 4 5 6 |  6.7
Axes           | 5 6 7 8 9 |  9.3
Dodging        | 5 6 7 8 9 |  9.3
Fighting       | 7 8 9 10 | 10.4

Action                   |  1- 3 |  4- 6 |  7- 9 | 10-12 | 13-15 || total
-------------------------+-------+-------+-------+-------+-------++-------
Melee: Hand axe          |    31 |       |       |       |       ||    31
       Bite              |     4 |     5 |    30 |    65 |     4 ||   108
       Dagger            |    32 |    92 |   145 |   147 |       ||   416
       Punch             |       |       |     4 |     1 |       ||     5
       Broad axe         |       |       |    92 |   428 |    39 ||   559
       Trident           |       |       |       |     2 |       ||     2
Throw: Dart              |       |       |       |     5 |       ||     5
       Throwing net      |       |       |       |     1 |       ||     1
 Cast: Poisonous Vapours |       |       |       |    48 |     3 ||    51
       Call Canine Famil |       |       |       |    25 |     4 ||    29
Invok: Potion Petition   |       |       |       |     2 |       ||     2
       Call Merchant     |       |       |       |     1 |       ||     1
Evoke: Wand              |     1 |       |     5 |    14 |     2 ||    22
  Use: Scroll            |     4 |    12 |     8 |    16 |       ||    40
       Potion            |       |       |     2 |    14 |     3 ||    19
 Stab: Sleeping          |     9 |    11 |    19 |    12 |       ||    51
       Confused          |       |       |     1 |       |       ||     1
       Distracted        |       |       |       |    11 |       ||    11
       Held in net/web   |       |       |       |     3 |       ||     3
       Petrified         |       |       |       |     1 |     5 ||     6
       Petrifying        |       |       |       |     1 |     1 ||     2
       Paralysed         |       |       |       |     1 |       ||     1
       Invisible         |       |       |       |     2 |       ||     2
Armor: Ring mail         |    15 |    23 |   110 |   213 |    34 ||   395
       Skin              |       |       |       |    37 |       ||    37
Dodge: Dodged            |    35 |    40 |   190 |   264 |    68 ||   597
Block: Kite shield       |       |       |       |   362 |    76 ||   438
       Reflection        |       |       |       |     1 |       ||     1

Table legend: (Time is in decaauts)
 A = Elapsed time spent in this place.
 B = Non-inter-level travel time spent in this place.
 C = Inter-level travel time spent in this place.
 D = Time resting spent in this place.
 E = Time spent auto-exploring this place.
 F = Levels seen in this place.
 G = Mean time per level.
                   A        B        C        D        E       F      G
               +--------+--------+--------+--------+--------+-----+--------+
         Total |  18678 |  18167 |    511 |   3782 |  10610 |  18 | 1037.7 |
       Dungeon |  12417 |  12041 |    376 |   2998 |   6531 |  10 | 1241.7 |
        Temple |     90 |     69 |     21 |      0 |     60 |   1 |   90.0 |
          Lair |   5725 |   5613 |    112 |    784 |   3818 |   5 | 1145.0 |
  Orcish Mines |    229 |    229 |      0 |      0 |     88 |   1 |  229.0 |
       Ossuary |    215 |    215 |      0 |      0 |    113 |   1 |  215.0 |
               +--------+--------+--------+--------+--------+-----+--------+

Top non-repeatable levels by time:
     D:9: 2586 daAuts
  Lair:2: 2289 daAuts
     D:4: 1485 daAuts
     D:8: 1481 daAuts
  Lair:4: 1360 daAuts
    D:10: 1246 daAuts
     D:6: 1076 daAuts
     D:5: 1014 daAuts
     D:7: 1002 daAuts
  Lair:1: 1000 daAuts
  Lair:3: 978 daAuts
     D:2: 956 daAuts
     D:3: 796 daAuts
     D:1: 772 daAuts
   Orc:1: 229 daAuts
